 Dungeon Crawl Stone Soup version 0.13-a0-2979-gb6a86b3 (webtiles) character file.

156 4tharraofdagon the Ducker (level 4, -2/30 HPs)
             Began as a Halfling Monk on Sept 7, 2013.
             Slain by a gnoll
             ... wielding a +0,+0 elven trident
              (12 damage)
             ... on Level 3 of the Dungeon.
             The game lasted 00:04:34 (1305 turns).

4tharraofdagon the Ducker (Halfling Monk)           Turns: 1305, Time: 00:04:35

HP  -2/30        AC  2     Str  9      XL: 4   Next: 70%
MP   3/3         EV 17     Int 10      God:
Gold 74          SH  0     Dex 18      Spells:  0 memorised,  3 levels left

Res.Fire  : . . .   See Invis. : .     - Unarmed
Res.Cold  : . . .   Warding    : .   a - +0 robe
Life Prot.: . . .   Conserve   : .   (no shield)
Res.Poison: +       Res.Corr.  : .   (no helmet)
Res.Elec. : .       Clarity    : .   (no cloak)
Sust.Abil.: . .     Spirit.Shd : .   (no gloves)
Res.Mut.  : .       Stasis     : .   (no boots)
Res.Rott. : .       Flight     : .   (no amulet)
Saprovore : . . .                    o - ring of poison resistance
                                     h - ring of sustenance {unknown}

@: slightly resistant to hostile enchantments, stealthy
A: mutation resistance 1, slow metabolism 1
a: no special abilities


You were on level 3 of the Dungeon.
You were not hungry.

You visited 1 branch of the dungeon, and saw 3 of its levels.

You collected 74 gold pieces.

Inventory:

Armour
 a - a +0 robe (worn)
Comestibles
 b - 2 bread rations
 l - an apple
 m - a meat ration
Scrolls
 c - 2 scrolls of recharging {unknown}
 e - 2 scrolls of remove curse {unknown}
 f - a scroll of magic mapping {unknown}
 k - a scroll of fear
 p - 2 scrolls of identify {unknown}
 s - a scroll of blinking {unknown}
Jewellery
 h - a ring of sustenance (left hand) {unknown}
 i - an uncursed ring of fire
 j - an uncursed ring of see invisible {unknown}
 n - an uncursed amulet of resist corrosion {unknown}
 o - a ring of poison resistance (right hand)
 q - an uncursed amulet of faith {unknown}
Potions
 d - a potion of agility {unknown}
 g - a potion of curing {unknown}
Magical staves
 r - an uncursed staff of poison


   Skills:
 + Level 3.3 Fighting
 + Level 4.3 Dodging
 - Level 2.6 Stealth
 * Level 4.0 Unarmed Combat


You had 3 spell levels left.
You didn't know any spells.

Dungeon Overview and Level Annotations

Branches:
Dungeon (3/27)

Altars:

Portals:
Ziggurat: D:3 (7640 gp)


Innate Abilities, Weirdness & Mutations

You are small and have problems with some larger weapons.
You are somewhat resistant to further mutation.
You have a slow metabolism.


Message History

The gnoll misses you.
You barely miss the gnoll.
The gnoll is severely wounded.
The gnoll barely misses you.
You hit the gnoll.
The gnoll is severely wounded.
The gnoll hits you with an elven trident!
The gnoll barely misses you.
You closely miss the gnoll. You punch the gnoll.
You kill the gnoll!
The gnoll closely misses you.
You barely miss the gnoll. The gnoll closely misses you.
You hit the gnoll but do no damage. Your punch misses the gnoll.
The gnoll hits you with an elven trident.
You hit the gnoll.
The gnoll is lightly wounded.
You closely miss the gnoll.
The gnoll is lightly wounded.
The gnoll hits you with an elven trident!
You die...

##.#####..#...#...##.....
#..#...#..#...##..g.....#
#.##.∩.##.#...#...##.##.#
#..#...#...###.#..##.##.#
##.#####.##.#.##..#......
#...#............#.##...
#......#####.###.#.#..g.
#.##..g)# ...#........
#.#...#.@# . ###.#..#. #.
#...##............#..#. #
#...#.#...%... ###...##
..###.. ......# ##g###
#.. .#. .###### #. #.
.... .# # . ## #. .# #.
.. . .


You could see a gnoll.

Vanquished Creatures
  2 gnolls (D:3)
  3 adders
  A worm (D:2)
  A giant gecko (D:2)
  4 bats
  3 goblins
  2 hobgoblins
  4 jackals (D:2)
  2 quokkas (D:2)
  6 kobolds
  2 rats
30 creatures vanquished.

Notes
Turn   | Place    | Note
--------------------------------------------------------------
     0 | D:1      | 4tharraofdagon, the Halfling Monk, began the quest for the Orb.
     0 | D:1      | Reached XP level 1. HP: 14/14 MP: 0/0
     6 | D:1      | Noticed a crocodile
     6 | D:1      | Noticed an anaconda
     6 | D:1      | Noticed a hound
     6 | D:1      | Noticed a wyvern
    63 | D:2      | Reached XP level 2. HP: 5/19 MP: 1/1
   426 | D:2      | Reached XP level 3. HP: 18/25 MP: 2/2
   605 | D:2      | Reached skill level 4 in Dodging
  1074 | D:3      | Reached XP level 4. HP: 30/30 MP: 3/3
  1278 | D:3      | Found a gateway to a ziggurat.
  1305 | D:3      | Slain by a gnoll

Action                   |  1- 3 |  4- 6 || total
-------------------------+-------+-------++-------
Melee: Unarmed           |    96 |    48 ||   144
  Use: Scroll            |     1 |       ||     1
 Stab: Sleeping          |     1 |     2 ||     3
